 Dungeon Crawl Stone Soup version 0.27-a0-1137-g3ef0f4ec91 (webtiles) character file.

Game seed: 16437032352966869416

19 robertstho the Skirmisher (level 2, 0/21 HPs)
             Began as an Octopode Berserker on May 6, 2021.
             Was a Follower of Trog.
             Slain by an adder (4 damage)
             ... on level 2 of the Dungeon.
             The game lasted 00:00:55 (1103 turns).

robertstho the Skirmisher (Octopode Berserker)      Turns: 1103, Time: 00:00:55

Health: 0/21       AC:  1    Str: 16    XL:     2   Next: 75%
Magic:  2/2        EV: 10    Int:  9    God:    Trog [*.....]
Gold:   52         SH:  0    Dex: 11    Spells: 1/1 levels left

rFire    . . .     SeeInvis .   a - +0 short sword
rCold    . . .     Faith    .   (no shield)
rNeg     . . .     Spirit   .   (helmet restricted)
rPois    .         Reflect  .   (no amulet)
rElec    .         Harm     .   (no ring)
rCorr    .         Rampage  .   (no ring)
Will     .....                  (no ring)
Stlth    +++.......             (no ring)
HPRegen  0.07/turn              (no ring)
MPRegen  0.08/turn              (no ring)
                                (no ring)
                                (no ring)

@: lethally poisoned (0 -> -3), constricted
A: almost no armour, amphibious, 8 rings, camouflage 1, gelatinous body 1,
(nimble swimmer 1), tentacles
a: Renounce Religion, Berserk


You were on level 2 of the Dungeon.
You worshipped Trog.
Trog was aware of your devotion.
You visited 1 branch of the dungeon, and saw 2 of its levels.

You collected 52 gold pieces.

Inventory:

Hand Weapons
 a - a +0 short sword (weapon)
Potions
 b - a potion of resistance
 d - 2 potions of curing {unknown}
 e - a potion of lignification {unknown}
 f - a potion of haste {unknown}


   Skills:
 * Level 3.4 Fighting
 + Level 3.2 Short Blades
 + Level 3.1 Dodging
 * Level 1.2 Stealth


You had one spell level left.
You didn't know any spells.
Your spell library was empty.

Dungeon Overview and Level Annotations

Branches:
Dungeon (2/15)

Altars:

Shops:
D:1 :


Innate Abilities, Weirdness & Mutations

You cannot wear most types of armour.
You are amphibious.
You can wear up to eight rings at the same time.
Your skin changes colour to match your surroundings (Stealth+).
Your rubbery body absorbs attacks. (AC +1, EV +1)
((You are camouflaged near water. (Stealth+)))
You have tentacles for arms and can constrict up to eight enemies at once.


Message History

The endoplasm barely misses you.
You climb upwards.
There is a stone staircase leading down here.
You feel yourself speed up.
There is a stone staircase leading down here.
You start resting.
You recover from your berserk rage.
You start resting.
HP restored.
You climb downwards.
An endoplasm, a hobgoblin, 3 gnolls, 2 kobolds and 2 snakes come into view.
A gnoll is wielding a +0 antimagic flail.
A gnoll is wielding a +2 flail of holy wrath.
Found a dagger and a leather armour.
Found an escape hatch in the ceiling.
There is a stone staircase leading up here.
Unknown command.
The hobgoblin shouts!
The kobold shouts!
The gnoll shouts! x2
You hear an angry hiss.
An adder comes into view.
The kobold throws a stone.
The stone hits you.
The kobold throws a stone.
The stone closely misses you.
The kobold throws a stone.
The stone misses you. The hobgoblin hits you. The adder bites you.
The adder closely misses you.
The kobold throws a stone.
The stone hits you. The adder misses you.
The kobold throws a stone.
The stone barely misses you. The adder closely misses you. The adder bites you.
You are poisoned.
The adder poisons you!
You barely miss the adder.
The endoplasm quivers.
Your grab misses the adder.
You feel sick. The ball python misses you. The ball python grabs you.
The ball python constricts you. The kobold hits you but does no damage.
The hobgoblin hits you.
* * * LOW HITPOINT WARNING * * *
The adder bites you.
* * * LOW HITPOINT WARNING * * *
The adder bites you.
You die...

############ ######
##..........###...g..
##............#<......
#.....................
#....ggg.............<
#...gSKK..............
#....@S...J...........
#.....S...............
##.......[....#.......
##..........###......
#####..#### #..... ..#
#.. ...


You could see 3 gnolls, 2 adders, an endoplasm, a hobgoblin, a ball python and 2
kobolds.

Vanquished Creatures
  A gnoll (D:2)
  2 bats (D:1)
  2 endoplasms (D:1)
  A goblin (D:1)
  2 quokkas (D:1)
  A rat (D:1)
9 creatures vanquished.

Notes
Turn   | Place    | Note
-------+----------+-------------------------------------------
     0 | D:1      | robertstho the Octopode Berserker began the quest for the
                  | Orb.
     0 | D:1      | Reached XP level 1. HP: 16/16 MP: 1/1
    89 | D:1      | Found Tuboetor's Book Emporium.
   598 | D:1      | Reached XP level 2. HP: 12/21 MP: 2/2
  1013 | D:2      | Reached skill level 1 in Stealth
  1103 | D:2      | Slain by an adder

Illustrated notes

Levels and vault maps discovered:
D:1:      noname_arrival_rooms_in_the_neighbourhood, layout_basic, serial_shops,
          nicolae_shop_window_shopping
D:2:      layout_rooms, serial_shops, nicolae_shop_stone, basic_altar,
          shapermc_ecumenical_altar_hornbeckon, minmay_surrounded

Skill      XL: |  1  2 |
---------------+-------+-----
Stealth        | 1 |  1.2
Fighting       | |  3.4
Short Blades   | |  3.2
Dodging        | |  3.1

Action                   || total
-------------------------++-------
Melee: Short sword       ||    18
       Constrict         ||     2
       Tentacles         ||     1
Invok: Berserk           ||     1
  Use: Scroll            ||     1
 Stab: Sleeping          ||     3
Armor: Skin              ||     1
Dodge: Dodged            ||    15

Table legend: (Time is in decaauts)
 A = Elapsed time spent in this place.
 B = Non-inter-level travel time spent in this place.
 C = Inter-level travel time spent in this place.
 D = Time resting spent in this place.
 E = Time spent auto-exploring this place.
 F = Levels seen in this place.
 G = Mean time per level.
                   A        B        C        D        E       F      G
               +--------+--------+--------+--------+--------+-----+--------+
         Total |   1111 |   1034 |     77 |     45 |    909 |   2 |  555.5 |
       Dungeon |   1111 |   1034 |     77 |     45 |    909 |   2 |  555.5 |
               +--------+--------+--------+--------+--------+-----+--------+

Top non-repeatable levels by time:
     D:1: 1084 daAuts
     D:2: 26 daAuts
